 Dungeon Crawl Stone Soup version 0.19.1 (webtiles) character file.

12569 omegacute the Spear-Bearer (level 11, -10/95 HPs)
             Began as a Merfolk Berserker on Dec 6, 2016.
             Was a High Priest of Trog.
             Mangled by a freezing wraith (13 damage)
             ... on level 3 of the Abyss.
             The game lasted 00:44:46 (12339 turns).

omegacute the Spear-Bearer (Merfolk Berserker)     Turns: 12339, Time: 00:44:47

Health: -10/95     AC: 15    Str: 20    XL:     11   Next: 95%
Magic:  11/11      EV: 11    Int:  7    God:    Trog [*****.]
Gold:   454        SH:  0    Dex: 14    Spells: 0 memorised, 10 levels left

rFire  . . .     SeeInvis +     Q - +4 trident
rCold  . . .     Gourm    .     o - +3 scale mail
rNeg   . . .     Faith    .     (no shield)
rPois  .         Spirit   .     P - +0 helmet
rElec  .         Reflect  .     N - +0 cloak
rCorr  +         Harm     .     (no gloves)
MR     ++...                    p - +0 pair of boots
Stlth  ..........               (no amulet)
                                Z - ring of see invisible
                                T - ring of resist corrosion

@: exhausted, regenerating, slowed, very slow
A: change form in water, swift swim, stealthy swim
a: Berserk, Trog's Hand, Brothers in Arms, Burn Spellbooks, Renounce Religion


You were on level 3 of the Abyss.
You worshipped Trog.
Trog was extremely pleased with you.
You were near starving.

You visited 1 branch of the dungeon, and saw 11 of its levels.
You visited the Abyss 1 time.

You collected 504 gold pieces.
You spent 50 gold pieces at shops.

Inventory:

Hand Weapons
 Q - a +4 trident (weapon)
 X - a +0 trident of distortion
Armour
 o - a +3 scale mail (worn)
 p - a +0 pair of boots (worn)
 N - a +0 cloak (worn)
 P - a +0 helmet (worn)
Jewellery
 T - a ring of resist corrosion (left hand)
 Z - a ring of see invisible (right hand)
Wands
 n - a wand of confusion (39/48)
 s - a wand of random effects (34/48)
 C - a wand of flame (19/48)
 G - a wand of teleportation (5/9)
 H - a wand of flame (23/48)
 I - a wand of teleportation (3/9)
 L - a wand of flame (27/48)
 S - a wand of slowing (12/48)
 U - a wand of polymorph (4/24)
Scrolls
 e - a scroll of silence {unknown}
 f - a scroll of immolation {unknown}
 g - 3 scrolls of enchant armour {unknown}
 h - 3 scrolls of noise {unknown}
 j - 8 scrolls of remove curse
 l - 3 scrolls of teleportation {unknown}
 m - 3 scrolls of magic mapping {unknown}
 t - 16 scrolls of identify
 v - 2 scrolls of blinking {unknown}
 y - 2 scrolls of enchant weapon {unknown}
 F - a scroll of fear {unknown}
 M - a scroll of random uselessness {unknown}
 R - 3 scrolls of fog {unknown}
 V - a scroll of acquirement {unknown}
Potions
 a - 5 potions of curing
 b - a potion of cancellation {unknown}
 d - 3 potions of heal wounds {unknown}
 k - 2 potions of berserk rage {unknown}
 q - 2 potions of brilliance {unknown}
 r - 3 potions of haste {unknown}
 u - 2 potions of resistance {unknown}
 w - a potion of flight {unknown}
 x - 2 potions of degeneration {unknown}
 B - a potion of beneficial mutation {unknown}
 D - 3 potions of magic {unknown}
 E - a potion of lignification {unknown}
 K - a potion of might {unknown}
 O - a potion of agility {unknown}
 Y - a potion of invisibility {unknown}
Comestibles
 c - 7 bread rations
 i - 6 beef jerkies
 z - a fruit
 A - 5 meat rations
 J - 5 slices of pizza


   Skills:
 + Level 12.1 Fighting
 - Level 14.8 Polearms
 + Level 8.7 Armour
 - Level 2.6 Dodging


You had 10 spell levels left.
You didn't know any spells.

Dungeon Overview and Level Annotations

Branches:
Dungeon (11/15)            Temple (0/1) D:5            Lair (0/6) D:9
    Orc: D:9-12

Altars:
Ashenzari
Gozag
Okawaru
Yredelemnul
The Shining One
Beogh

Shops:
D:4 *


Message History

A starcursed mass splits.
The blink frog blinks!
The freezing wraith misses you. The freezing wraith hits you.
* * * LOW HITPOINT WARNING * * *
The freezing wraith drains your vigour!
You feel as though you will be slow longer.
A starcursed mass splits.
You take 29 damage, and have 4/94 hp.
MASSIVE DAMAGE!!
You regained 2 hp, and now have 6/94 hp.
You hit the freezing wraith.
The freezing wraith is lightly damaged.
The freezing wraith barely misses you. x2
Okay, then.
You feel better. The freezing wraith barely misses you.
The freezing wraith hits you but does no damage.
The starcursed mass shrieks in your mind.
* * * LOW HITPOINT WARNING * * *
The freezing wraith hits you!
* * * LOW HITPOINT WARNING * * *
The freezing wraith freezes you!
You die...

.≈≈.≈A.# ##
.≈%.≈..### #
#.#.3...... .
#.#≈≈≈F≈#.#..
.5..#. ..#
.#####.F≈≈≈≈ # #
...
#.F....W#..#.....
# #
#.#..#F####≈≈≈#
## #.. #T.#@##
#≈## . . ###W##
.≈ . # . #XX#
.#.#.. # .##X.
X... # . .# #.##
#### . .# ## ##


You could see a starcursed mass and a freezing wraith.

Vanquished Creatures
  A starcursed mass (Abyss:3)
  3 hill giants
  A centaur zombie (D:10)
  A demonic crawler (Abyss:3)
  4 trolls
  A two-headed ogre (D:9)
  A hippogriff (D:11)
  A blink frog (Abyss:3)
  Sigmund (D:6)
  A spriggan (D:8)
  A large abomination (Abyss:3)
  11 yaks
  A steam dragon (D:4)
  A water moccasin (D:9)
  Duvessa (D:4)
  3 ice beasts
  7 sky beasts
  4 orc warriors
  A black bear (D:7)
  A necrophage (D:9)
  2 phantoms (D:6)
  3 ogres
  7 centaurs
  5 bullfrogs
  6 big kobolds
  Dowan (D:4)
  4 scorpions
  A small abomination (Abyss:3)
  8 killer bees (D:9)
  8 wights
  5 howler monkeys
  An electric eel (D:11)
  2 jellies
  A bullfrog zombie (D:6)
  7 crimson imps
  7 orc priests
  8 orc wizards
  2 centaur skeletons
  3 bullfrog skeletons
  2 iguanas
  Ijyb (D:3)
  10 worker ants
  A gnoll (D:1)
  9 adders
  3 shadow imps
  An ooze (D:2)
  An adder skeleton (D:9)
  3 worms
  2 leopard geckos
  45 orcs
  A ball python (D:2)
  5 bats
  9 giant cockroaches
  10 goblins
  4 hobgoblins
  4 jackals (D:6)
  4 quokkas
  8 frilled lizards
  39 kobolds
  A leopard gecko skeleton (D:4)
  A quokka zombie (D:4)
  7 rats
  5 plants (D:5)
303 creatures vanquished.

Vanquished Creatures (others)
  A quokka (D:4)
1 creature vanquished.

Grand Total: 304 creatures vanquished

Notes
Turn   | Place    | Note
-------+----------+-------------------------------------------
     0 | D:1      | omegacute the Merfolk Berserker began the quest for the Orb.
     0 | D:1      | Reached XP level 1. HP: 18/18 MP: 1/1
   157 | D:1      | Reached skill level 5 in Polearms
   294 | D:1      | Reached XP level 2. HP: 23/24 MP: 2/2
   485 | D:1      | Reached skill level 6 in Polearms
   485 | D:1      | Reached XP level 3. HP: 22/29 MP: 3/3
  1099 | D:2      | Reached ** piety under Trog
  1113 | D:2      | You fall through a shaft!
  1160 | D:3      | Reached XP level 4. HP: 32/35 MP: 4/4
  1162 | D:3      | Reached skill level 7 in Polearms
  1240 | D:3      | Reached skill level 8 in Polearms
  1473 | D:3      | Reached XP level 5. HP: 41/41 MP: 5/5
  1861 | D:3      | Noticed Ijyb
  1880 | D:3      | Killed Ijyb
  2543 | D:4      | Found Asuubu's General Store.
  2548 | D:4      | Bought a potion of curing for 30 gold pieces
  2548 | D:4      | Bought a scroll of identify for 20 gold pieces
  2716 | D:4      | Found an iron altar of Okawaru.
  2787 | D:4      | Reached skill level 9 in Polearms
  3098 | D:4      | Reached XP level 6. HP: 47/47 MP: 6/6
  3171 | D:4      | Reached *** piety under Trog
  3296 | D:4      | Noticed Duvessa
  3296 | D:4      | Noticed Dowan
  3306 | D:4      | Killed Duvessa
  3306 | D:4      | Reached skill level 10 in Polearms
  3311 | D:4      | Killed Dowan
  3311 | D:4      | Reached XP level 7. HP: 52/52 MP: 7/7
  3478 | D:4      | Noticed a steam dragon
  3493 | D:4      | Killed a steam dragon
  3493 | D:4      | Reached skill level 11 in Polearms
  3785 | D:5      | Entered Level 5 of the Dungeon
  3956 | D:5      | Reached skill level 12 in Polearms
  4094 | D:5      | Reached XP level 8. HP: 51/58 MP: 8/8
  4139 | D:5      | Reached skill level 13 in Polearms
  4303 | D:5      | Found a staircase to the Ecumenical Temple.
  4901 | D:5      | Found an opulent altar of Gozag.
  4957 | D:5      | Reached skill level 14 in Polearms
  5660 | D:6      | Noticed Sigmund
  5764 | D:6      | Killed Sigmund
  6122 | D:6      | Reached XP level 9. HP: 58/65 MP: 9/9
  6139 | D:6      | Reached **** piety under Trog
  6301 | D:6      | Received a gift from Trog
  6419 | D:6      | Reached skill level 5 in Fighting
  6828 | D:6      | Found a basalt altar of Yredelemnul.
  8507 | D:8      | Reached XP level 10. HP: 79/79 MP: 10/10
  8541 | D:8      | Reached skill level 5 in Armour
  8749 | D:8      | Found a shattered altar of Ashenzari.
  9104 | D:9      | Found a glowing golden altar of the Shining One.
  9518 | D:9      | Found a staircase to the Lair.
 10332 | D:10     | Entered Level 10 of the Dungeon
 10683 | D:10     | Noticed a hill giant
 10727 | D:10     | Killed a hill giant
 10727 | D:10     | Reached skill level 10 in Fighting
 10727 | D:10     | Reached XP level 11. HP: 90/90 MP: 11/11
 10822 | D:10     | Reached ***** piety under Trog
 10958 | D:10     | Noticed a hill giant
 10964 | D:10     | Killed a hill giant
 11293 | D:10     | Found a roughly hewn altar of Beogh.
 11491 | D:11     | Noticed a brown ugly thing
 11493 | D:11     | Noticed a hill giant
 11862 | D:11     | Noticed a hill giant
 11902 | D:11     | Killed a hill giant
 12095 | D:11     | Cast into level 3 of the Abyss (a distortion unwield)
 12257 | Abyss:3  | Noticed a starcursed mass
 12322 | Abyss:3  | Killed a starcursed mass
 12330 | Abyss:3  | Noticed a starcursed mass
 12332 | Abyss:3  | Noticed a daeva
 12336 | Abyss:3  | HP: 4/94 [freezing wraith (1)]
 12339 | Abyss:3  | Mangled by a freezing wraith

Skill      XL: |  1  2  3  4  5  6  7  8  9 10 11 |
---------------+----------------------------------+-----
Polearms       | 5 6 8 9 10 12 14 | 14.8
Armour         | 2 4 7 8 |  8.7
Fighting       | 7 10 12 | 12.1
Dodging        | |  2.6

Action                   |  1- 3 |  4- 6 |  7- 9 | 10-12 || total
-------------------------+-------+-------+-------+-------++-------
Melee: Spear             |   105 |    63 |       |       ||   168
       Trident           |       |   146 |   644 |   552 ||  1342
       Tailslap          |       |       |       |     8 ||     8
Invok: Berserk           |     1 |     2 |     5 |    10 ||    18
       Trog's Hand       |       |     1 |     3 |     4 ||     8
       Burn Spellbooks   |       |       |       |     2 ||     2
       Brothers in Arms  |       |       |       |     1 ||     1
  Use: Scroll            |       |     1 |       |       ||     1
       Potion            |       |       |       |     1 ||     1
  Eat: Chunk             |     2 |     8 |    20 |    19 ||    49
       Fruit             |       |       |     4 |     3 ||     7
Armor: Animal skin       |    12 |       |       |       ||    12
       Scale mail        |       |    42 |   127 |   132 ||   301
       Ring mail         |       |     4 |       |       ||     4
Dodge: Dodged            |    42 |    70 |   156 |   134 ||   402
